 Dungeon Crawl Stone Soup version 0.18-a0-1312-gf98331d (webtiles) character file.

192 Reinor the Sneak (level 5, -4/27 HPs)
             Began as a Spriggan Abyssal Knight on Feb 14, 2016.
             Was a Follower of Lugonu.
             Slain by an ogre
             ... wielding a +0 giant club
              (17 damage)
             ... on level 4 of the Dungeon.
             The game lasted 00:07:57 (3066 turns).

Reinor the Sneak (Spriggan Abyssal Knight)          Turns: 3066, Time: 00:07:57

Health: -4/27      AC:  8    Str:  8    XL:     5   Next: 42%
Magic:  7/7        EV: 20    Int: 14    God:    Lugonu [*.....]
Gold:   217        SH:  0    Dex: 20    Spells: 0 memorised, 4 levels left

rFire  . . .     SeeInvis +     a - +0 short sword (protect)
rCold  . . .     Gourm    .     b - +1 robe
rNeg   . . .     Faith    .     (shield restricted)
rPois  .         Spirit   .     (helmet restricted)
rElec  .         Dismiss  .     (no cloak)
rCorr  .         Reflect  .     (gloves unavailable)
SustAt .         Harm     .     (boots unavailable)
MR     .....                    (no amulet)
Stlth  ++++......               (no ring)
                                h - +4 ring of dexterity

@: very quick, not resistant to hostile enchantments, stealthy
A: unfitting armour, see invisible, herbivore 3, speed 3, slow metabolism 2
a: Depart the Abyss, Renounce Religion


You were on level 4 of the Dungeon.
You worshipped Lugonu.
Lugonu was aware of your devotion.
You were hungry.

You visited 1 branch of the dungeon, and saw 4 of its levels.
You visited the Abyss 1 time.

You collected 217 gold pieces.

Inventory:

Hand Weapons
 a - a +0 short sword of protection (weapon)
Missiles
 j - 3 steel tomahawks (quivered)
Armour
 b - a +1 robe (worn)
Jewellery
 h - a +4 ring of dexterity (left hand)
Wands
 g - a wand of lightning (7/15)
Scrolls
 e - a scroll of teleportation
 f - 3 scrolls of recharging
 n - a scroll of remove curse
Potions
 d - a potion of might
 i - a potion of heal wounds
 k - a potion of magic
 l - a potion of lignification
 m - a potion of curing {unknown}
Comestibles
 c - a bread ration


   Skills:
 - Level 2.7 Fighting
 + Level 4.2 Short Blades
 - Level 4.0 Dodging
 + Level 5.5 Stealth
 - Level 1.7 Invocations


You had 4 spell levels left.
You didn't know any spells.

Dungeon Overview and Level Annotations

Branches:
Dungeon (4/15)
 Temple: D:4-7

Altars:
Ashenzari
Cheibriados
Fedhas
Makhleb
Pakellas
Qazlal
Trog
Yredelemnul
The Shining One


Innate Abilities, Weirdness & Mutations

You are tiny and cannot use many weapons and most armour.
You have supernaturally acute eyesight.
You are an herbivore.
You cover ground extremely quickly.
You need consume almost no food.


Message History

Drink which item? (? for menu, Esc to quit)
Okay, then.
You hit the ogre but do no damage.
The ogre is heavily wounded.
You hit the ogre but do no damage.
The ogre is heavily wounded.
The ogre completely misses you.
You hit the ogre.
The ogre is heavily wounded.
The ogre barely misses you.
You hit the ogre.
The ogre is severely wounded.
You hit the ogre.
The ogre is almost dead.
The ogre completely misses you.
You hit the ogre.
The ogre is almost dead.
The ogre hits you with a giant club!
Ouch! That really hurt!
You die...

######### #O....... #@#######
#######.##....# #.......##....#
#.......##....#
#########......)##....##########
#>.....)..................††...#
#.........................†.....
#########......######...#####...
#........†).'...# #...


You could see an ogre.

Vanquished Creatures
  A scorpion (D:3)
  4 gnolls (D:4)
  4 adders
  2 giant geckos
  5 orcs
  A ball python (D:4)
  A giant cockroach (D:1)
  9 goblins (D:1)
  8 hobgoblins
  4 jackals (D:4)
  4 kobolds
  2 quokkas (D:4)
  10 bats
  5 giant newts
  2 rats
62 creatures vanquished.

Notes
Turn   | Place    | Note
--------------------------------------------------------------
     0 | Abyss:1  | Reinor the Spriggan Abyssal Knight began the quest for the Orb.
     0 | Abyss:1  | Reached XP level 1. HP: 11/11 MP: 3/3
   103 | Abyss:4  | Noticed a large abomination
   132 | Abyss:4  | Noticed a cacodemon
   161 | Abyss:4  | Noticed an apocalypse crab
   162 | Abyss:4  | Noticed a starcursed mass
   163 | D:1      | Escaped the Abyss
   472 | D:1      | Reached XP level 2. HP: 13/16 MP: 4/4
   489 | D:1      | Reached skill level 4 in Dodging
   835 | D:1      | Reached * piety under Lugonu
   836 | D:1      | Reached skill level 1 in Stealth
  1217 | D:1      | Reached XP level 3. HP: 19/19 MP: 5/5
  1469 | D:2      | Found a bloodstained altar of Trog.
  1470 | D:2      | Found a snail-covered altar of Cheibriados.
  1470 | D:2      | Found an oddly glowing altar of Pakellas.
  1473 | D:2      | Found a basalt altar of Yredelemnul.
  1474 | D:2      | Found a shattered altar of Ashenzari.
  1475 | D:2      | Found a burning altar of Makhleb.
  1756 | D:2      | Found a glowing golden altar of the Shining One.
  1942 | D:3      | Found a blossoming altar of Fedhas.
  1982 | D:3      | Found a stormy altar of Qazlal.
  2070 | D:3      | Reached XP level 4. HP: 8/23 MP: 6/6
  2646 | D:4      | Reached ** piety under Lugonu
  2648 | D:4      | Reached XP level 5. HP: 21/27 MP: 7/7
  2650 | D:4      | Reached skill level 5 in Stealth
  3054 | D:4      | Noticed an ogre
  3066 | D:4      | Slain by an ogre

Vault maps used:
D:1:      dpeg_arrival_chambers_temple_mockup, minivault_14,
          minmay_misc_feat_roman
D:2:      minitemple, tso_altar
D:3:      grunt_temple_overflow_forces_of_nature
Abyss:3:  guppyfry_abyss_exit_spiral_guarded, evilmike_abyss_rune_acolytes_1
Abyss:4:  grunt_abyss_rune_the_horror

Action                   |  1- 3 |  4- 6 || total
-------------------------+-------+-------++-------
Melee: Short sword       |   166 |    91 ||   257
Invok: Depart the Abyss  |     1 |       ||     1
  Use: Scroll            |     7 |     3 ||    10
       Potion            |       |     2 ||     2
 Stab: Sleeping          |     4 |     3 ||     7
